 Dungeon Crawl Stone Soup version 0.30.1-3-gfc49f6343a (webtiles) character file.

Game seed: 1793385185658067742

554554 GeoRichter the Crack Shot (level 25, -10/217 HPs)
             Began as a Barachi Hunter on Aug 3, 2023.
             Was the Champion of the Shining One.
             Killed by divine providence
             ... invoked by a white draconian stormcaller
             ... led by a yellow draconian annihilator
              (13 damage)
             ... on level 4 of the Realm of Zot on Aug 4, 2023.
             The game lasted 02:35:51 (52732 turns).

GeoRichter the Crack Shot (Barachi Hunter)         Turns: 52732, Time: 02:35:51

Health: -10/217    AC: 24    Str: 15    XL:     25   Next: 79%
Magic:  33/33      EV: 34    Int: 14    God:    the Shining One [******]
Gold:   9075       SH:  0    Dex: 30    Spells: 21/32 levels left

rFire   + + +        j - +9 triple crossbow (holy)
rCold   + + .        (shield currently unavailable)
rNeg    + + +        N - +6 acid dragon scales
rPois   +            Q - +1 helmet of the Evening {rF+ rN+ Int+3}
rElec   +            O - +1 cloak {Will+}
rCorr   +            U - +2 pair of gloves of Liberty {Fly rN+ Regen+}
SInv    .            H - +1 pair of boots "Vericl Sazxo" {Rampage rC++ Str-4}
Will    ++...        A - amulet of regeneration
Stlth   ++           n - ring of poison resistance
HPRegen 2.16/turn    i - ring of Cuxefon {Drain rElec rF++ Str+6 Dex+4}
MPRegen 0.23/turn

%: rampage
@: wereblooded, flying, slowed, glowing, studying 2 skills, very slow
A: amphibious, slowness 1, strong legs 2, +LOS
}: 4/15 runes: serpentine, barnacled, slimy, silver
a: Hop, Renounce Religion, Divine Shield, Cleansing Flame, Summon Divine Warrior


You were on level 4 of the Realm of Zot.
You worshipped the Shining One.
The Shining One was exalted by your worship.
You visited 13 branches of the dungeon, and saw 56 of its levels.
You visited the Abyss 1 time.
You visited 1 bazaar.
You also visited: Trove and Gauntlet.

You collected 11707 gold pieces.
You spent 2632 gold pieces at shops.

Inventory:

Hand Weapons
 j - a +9 triple crossbow of holy wrath (weapon)
   (You found it on level 1 of the Dungeon)
Missiles
 e - 5 throwing nets {!f}
 r - 11 curare-tipped darts {!f}
Armour
 v - the +4 helmet of Exclusion {rElec Str-3 Stlth+}
   (You bought it in a shop on level 2 of the Orcish Mines)

   Str:       It affects your strength (-3).
   rElec:     It insulates you from electricity.
   Stlth:     It makes you more stealthy.
 H - the +1 pair of boots "Vericl Sazxo" (worn) {Rampage rC++ Str-4}
   (You found it in a Gauntlet)

   Str:       It affects your strength (-4).
   rC:        It greatly protects you from cold.
   Rampage:   It bestows one free step when moving towards enemies.
 N - +6 acid dragon scales (worn)
   (You found it on level 9 of the Dungeon)
 O - a +1 cloak of willpower (worn)
   (You found it in a Gauntlet)
 Q - the +1 helmet of the Evening (worn) {rF+ rN+ Int+3}
   (You found it in a Gauntlet)

   Int:       It affects your intelligence (+3).
   rF:        It protects you from fire.
   rN:        It protects you from negative energy.
 T - quicksilver dragon scales
   (You found it on level 4 of the Realm of Zot)
 U - the +2 pair of gloves of Liberty (worn) {Fly rN+ Regen+}
   (You found it on level 1 of the Realm of Zot)

   rN:        It protects you from negative energy.
   Fly:       It grants you flight.
   Regen:     It increases your rate of health regeneration.
Jewellery
 c - the ring "Optebbur" {rF++ rC+ Dex+6}
   (You took it off a spriggan defender on level 3 of the Depths)

   [ring of dexterity]

   Dex:       It affects your dexterity (+6).
   rF:        It greatly protects you from fire.
   rC:        It protects you from cold.
 i - the ring of Cuxefon (right hand) {Drain rElec rF++ Str+6 Dex+4}
   (You took it off a deep elf master archer on level 3 of the Elven Halls)

   [ring of strength]

   Str:       It affects your strength (+6).
   Dex:       It affects your dexterity (+4).
   rF:        It greatly protects you from fire.
   rElec:     It insulates you from electricity.
   Drain:     It drains your maximum health when unequipped.
 n - a ring of poison resistance (left hand)
   (You acquired it in a Gauntlet)
 A - an amulet of regeneration (around neck)
   (You found it on level 8 of the Dungeon)
 W - the ring "Siovyth" {rN+ Will+ Dex+3}
   (You took it off a guardian mummy on level 3 of the Crypt)

   [ring of positive energy]

   Dex:       It affects your dexterity (+3).
   rN:        It protects you from negative energy.
   Will:      It increases your willpower.
 Y - the ring "Wyalas" {+Blink Will+ Int+6 Dex+3}
   (You took it off a deep elf demonologist on level 1 of the Elven Halls)

   [ring of intelligence]

   Int:       It affects your intelligence (+6).
   Dex:       It affects your dexterity (+3).
   +Blink:    It lets you blink.
   Will:      It increases your willpower.
 Z - the ring "Igitimmo" {+Blink rC+ Will+ Dex-4}
   (You found it on level 2 of the Vaults)

   [ring of protection from cold]

   Dex:       It affects your dexterity (-4).
   rC:        It protects you from cold.
   +Blink:    It lets you blink.
   Will:      It increases your willpower.
Wands
 b - a wand of flame (71)
   (You found it on level 5 of the Dungeon)
 x - a wand of charming (60)
   (You found it on level 8 of the Dungeon)
 y - a wand of polymorph (24)
   (You found it on level 1 of the Lair of Beasts)
 z - a wand of roots (26)
   (You found it on level 3 of the Snake Pit)
 F - a wand of quicksilver (32)
   (You found it on level 2 of the Lair of Beasts)
 K - a wand of mindburst (36)
   (You found it on level 4 of the Lair of Beasts)
Scrolls
 d - 17 scrolls of teleportation {@r4}
 g - 8 scrolls of immolation {!r}
 k - 9 scrolls of vulnerability {!r}
 l - 5 scrolls of brand weapon
 m - 10 scrolls of poison {!r}
 q - 5 scrolls of blinking
 s - 5 scrolls of fear
 t - 10 scrolls of fog
 w - 8 scrolls of magic mapping
 G - 4 scrolls of enchant armour
 P - 7 scrolls of enchant weapon
 R - 3 scrolls of silence
Potions
 a - 11 potions of might
 f - 15 potions of mutation {!q}
 h - 29 potions of curing {@q1}
 o - 8 potions of attraction {!q}
 p - 4 potions of heal wounds {@q2}
 u - 7 potions of berserk rage
 B - 5 potions of lignification {!q}
 D - 11 potions of haste {@q3}
 E - 9 potions of flight
 I - 10 potions of brilliance
 J - 6 potions of magic
 L - 6 potions of cancellation
 M - 4 potions of ambrosia
 X - a potion of resistance
Miscellaneous
 C - a phial of floods
   (You found it on level 1 of the Shoals)
 S - a box of beasts
   (You found it on level 5 of the Vaults)
 V - a phantom mirror
   (You found it on level 5 of the Vaults)


   Skills:
 + Level 22.3 Fighting
 - Level 26.0 Ranged Weapons
 - Level 8.3 Armour
 + Level 20.7 Dodging
 - Level 8.2 Stealth
 - Level 4.0 Spellcasting
 * Level 14.5 Summonings
 - Level 11.0 Translocations
 - Level 6.0 Transmutations
 - Level 14.0 Invocations
 + Level 15.9 Evocations


You had 21 spell levels left.
You knew the following spells:

 Your Spells              Type           Power      Damage    Failure   Level
a - Wereblood             Tmut           19%        N/A       3%          2
b - Portal Projectile     Hex/Tloc       36%        N/A       8%          3
c - Apportation           Tloc           66%        N/A       1%          1
d - Summon Forest         Summ/Tloc      19%        N/A       3%          5

Your spell library contained the following spells:

 Spells                   Type           Power      Damage    Failure   Level
 Summon Small Mammal      Summ           100%       N/A       1%          1
 Blink                    Tloc           66%        N/A       1%          2
 Lesser Beckoning         Tloc           66%        N/A       1%          2
 Call Canine Familiar     Summ           43%        N/A       1%          3
 Gell's Gravitas          Tloc           33%        N/A       1%          3
 Teleport Other           Tloc           33%        N/A       1%          3
 Beastly Appendage        Tmut           38%        N/A       2%          1
 Manifold Assault         Tloc           33%        N/A       2%          4
 Passage of Golubria      Tloc           33%        N/A       2%          4
 Summon Guardian Golem    Hex/Summ       23%        N/A       3%          3
 Momentum Strike          Conj/Tloc      36%        3d9       4%          2
 Sting                    Tmut/Pois      44%        1d5       8%          1
 Vhi's Electric Charge    Tloc/Air       36%        N/A       8%          3
 Volatile Blastmotes      Fire/Tloc      36%        2d13      8%          3
 Summon Cactus Giant      Summ           21%        N/A       10%         6
 Passwall                 Tmut/Erth      9%         N/A       11%         2
 Animate Armour           Summ/Erth      46%        N/A       13%         4
 Summon Ice Beast         Ice/Summ       23%        N/A       13%         4
 Spider Form              Tmut/Pois      11%        N/A       22%         3
 Freeze                   Ice            8%         1d3       26%         1
 Kiss of Death            Conj/Necr      8%         2d6       26%         1
 Magic Dart               Conj           8%         1d3       26%         1
 Necrotise                Necr           8%         1d4       26%         1
 Sandblast                Erth           4%         2d4       26%         1
 Slow                     Hex            8%         N/A       26%         1
 Iskenderun's Mystic Bla  Conj/Tloc      18%        2d6       26%         4
 Ignite Poison            Fire/Tmut/Pois 8%         N/A       32%         3
 Summon Mana Viper        Hex/Summ       23%        N/A       34%         5
 Cigotuvi's Dreadful Rot  Necr/Pois/Air  4%         N/A       36%         2
 Ensorcelled Hibernation  Hex/Ice        4%         N/A       36%         2
 Poisonous Vapours        Pois/Air       4%         N/A       36%         2
 Scorch                   Fire           4%         2d5       36%         2
 Searing Ray              Conj           4%         2d4       36%         2
 Sublimation of Blood     Necr           2%         N/A       36%         2
 Dispersal                Tloc           16%        N/A       38%         6
 Monstrous Menagerie      Summ           21%        N/A       50%         7
 Summon Hydra             Summ           21%        N/A       50%         7
 Blade Hands              Tmut           9%         N/A       52%         5
 Confusing Touch          Hex            2%         N/A       58%         3
 Dazzling Flash           Conj/Hex       4%         N/A       58%         3
 Frozen Ramparts          Ice            4%         1d1       58%         3
 Hailstorm                Conj/Ice       2%         3d3       58%         3
 Inner Flame              Hex/Fire       2%         N/A       58%         3
 Ozocubu's Armour         Ice            2%         N/A       58%         3
 Stone Arrow              Conj/Erth      4%         3d7       58%         3
 Swiftness                Air            2%         N/A       58%         3
 Tukima's Dance           Hex            2%         N/A       58%         3
 Vampiric Draining        Necr           2%         2d6       58%         3
 Ice Form                 Ice/Tmut       11%        N/A       58%         4
 Petrify                  Tmut/Erth      11%        N/A       58%         4
 Alistair's Intoxication  Tmut/Pois      7%         N/A       90%         5
 Yara's Violent Unravell  Hex/Tmut       5%         3d4       90%         5
 Anguish                  Hex/Necr       1%         N/A       94%         4
 Cause Fear               Hex            1%         N/A       94%         4
 Dispel Undead            Necr           2%         3d7       94%         4
 Flame Wave               Conj/Fire      2%         2d4       94%         4
 Fulminant Prism          Conj/Hex       1%         3d5       94%         4
 Leda's Liquefaction      Hex/Erth       1%         N/A       94%         4
 Sticky Flame             Conj/Fire      2%         2d3       94%         4
 Agony                    Necr           2%         N/A       100%        5
 Arcjolt                  Conj/Air       1%         1d11      100%        5
 Borgnjor's Vile Clutch   Necr/Erth      1%         N/A       100%        5
 Fireball                 Conj/Fire      1%         3d3       100%        5
 Iskenderun's Battlesphe  Conj           2%         2d6       100%        5
 Lee's Rapid Deconstruct  Erth           1%         3d4*      100%        5
 Metabolic Englaciation   Hex/Ice        1%         N/A       100%        5
 Silence                  Hex/Air        1%         N/A       100%        5
 Conjure Ball Lightning   Conj/Air       1%         3x3d6     100%        6
 Death Channel            Necr           1%         N/A       100%        6
 Eringya's Noxious Bog    Tmut/Pois      5%         N/A       100%        6
 Plasma Beam              Fire/Air       1%         2x1d12    100%        6
 Simulacrum               Ice/Necr       1%         N/A       100%        6
 Statue Form              Tmut/Erth      7%         N/A       100%        6
 Dragon Form              Tmut           9%         N/A       100%        7
 Orb of Destruction       Conj           1%         9d5       100%        7
 Ozocubu's Refrigeration  Ice            1%         4d7       100%        7
 Spellforged Servitor     Conj/Summ      11%        N/A       100%        7
 Discord                  Hex            1%         N/A       100%        8
 Disjunction              Tloc           16%        N/A       100%        8
 Ignition                 Fire           1%         3d3       100%        8
 Lehudib's Crystal Spear  Conj/Erth      1%         10d2      100%        8
 Maxwell's Capacitive Co  Air            1%         ∞         100%        8
 Dragon's Call            Summ           21%        N/A       100%        9
 Polar Vortex             Ice            1%         N/A       100%        9


Dungeon Overview and Level Annotations

Branches:
Dungeon (15/15) Zot: 23859  Temple (1/1) D:5 Zot: 5611    Lair (5/5) D:8 Zot: 23431
 Shoals (4/4) Lair:3 Zot: 19711   Snake (4/4) Lair:3 Zot: 19678   Slime (5/5) Lair:4 Zot: 26642
    Orc (2/2) D:11 Zot: 10293     Elf (3/3) Orc:2 Zot: 12948  Vaults (5/5) D:14 Zot: 22234
  Crypt (3/3) Vaults:3 Zot: 14695    Tomb (0/3) Crypt:3      Depths (4/4) D:15 Zot: 18566
   Hell (visited)             Zot (4/5) Depths:4 Zot: 19468 Gauntlet (visited)
    Dis: Hell:1         Geh: Hell:1         Coc: Hell:1         Tar: Hell:1

Altars:
Ashenzari
Cheibriados
Dithmenos
Elyvilon
Fedhas
Gozag
Hepliaklqana
Kikubaaqudgha
Makhleb
Nemelex Xobeh
Okawaru
Qazlal
Ru
Sif Muna
Trog
Uskayaw
Vehumet
Wu Jian
Xom
Yredelemnul
Zin
The Shining One
Jiyva

Shops:
D:1 !   D:10 *   Orc:2 *[:([[   Shoals:2 *   Snake:4 :   Vaults:2 !
Vaults:3 :   Vaults:4 (   Vaults:5 [

Portals:
Hell: Depths:1 Depths:2 Depths:3 Depths:4
Abyss: Depths:1 Depths:2 Depths:3
Pandemonium: Depths:2
Ziggurat: Depths:4

Annotations:
D:2 1 runed translucent door, Crazy Yiuf
D:4 2 transporters, Plommelars's ghost, novice MiBe
D:10 2 transporters, aeroqp's ghost, novice DsNe
D:11 2 transporters
Shoals:2 2 transporters, Witt's ghost, adept GrFi
Elf:1 6 runed translucent doors
Elf:3 exclusion: 9 doors
Vaults:3 2 transporters
Hell Geryon
Zot:2 3 runed translucent doors, Emnejil's ghost, master VSBe
Zot:4 Parghit


Innate Abilities, Weirdness & Mutations

You are amphibious.
You cover ground slowly.
You can hop long distances.
You have an extended range of vision and can be seen from far away.


Message History

The green draconian blinks!
The white draconian stormcaller roars!
Okay, then.
As you read the scroll of fear, it crumbles to dust.
You assume a fearsome visage.
The yellow draconian annihilator looks frightened!
The green draconian looks frightened!
The purple draconian shifter resists with almost no effort.
The white draconian stormcaller looks frightened!
The yellow draconian annihilator mumbles some strange words.
The yellow draconian annihilator blinks!
You rampage towards the green draconian!
You shoot a bolt. The bolt hits the green draconian!
Your attack snaps the green draconian out of its fear.
The green draconian is lightly wounded.
The yellow draconian annihilator mumbles some strange words.
The yellow draconian annihilator blinks!
The green draconian completely misses you.
The green draconian tail-slaps you.
* * * LOW HITPOINT WARNING * * *
The green draconian completely misses you.
The green draconian misses you.
Fire: j) +9 triple crossbow (holy)
Press: ? - help, Q - select action, (/) - cycle Shift-Dir - straight line, f/p - green draconian
Aim: a green draconian, wielding a +0 scimitar (lightly wounded, haloed, 89% to hit)
You shoot a bolt. The bolt hits the green draconian.
The green draconian is lightly wounded.
The purple draconian shifter casts a spell at you.
You blink.
The white draconian stormcaller seems to regain its courage.
The white draconian stormcaller breathes frost at you.
The blast of cold hits you! You resist.
* * * LOW HITPOINT WARNING * * *
The purple draconian shifter misses you.
The purple draconian shifter completely misses you.
The purple draconian shifter casts a spell at you.
You blink.
The yellow draconian annihilator spits acid at you.
The glob of acid hits you! You resist.
* * * LOW HITPOINT WARNING * * *
The white draconian stormcaller utters an invocation to Qazlal.
The yellow draconian annihilator spits acid at you.
The glob of acid hits you! You resist.
* * * LOW HITPOINT WARNING * * *
The yellow draconian annihilator points at you and mumbles some strange words.
The iron shot hits you!!
* * * LOW HITPOINT WARNING * * *
The white draconian stormcaller calls down the wrath of Qazlal upon you.
Qazlal smites you!
You die...

*,*,####,* #.#.....
*,*,,....** #.######
*,*****...* #....... *,*
*.#.##########.
*,*####.#............
*,,..##.##...######..
*,*#.##.##.#..##..#..
**********,*#.##.##.##.##..#..
*,,,,,,,,,,*#@##.##.##..#..#..
**,*********#..k.d..###.#..#.#
*,* ******##qqq.k........†..
*,****,,...##...#.######.##.#
*,,,,,,,.....).†..)).†....#.#
******,,...##.#.#.#########,,
*,,,,,*#.#.#.# ***
*,,,,,*#.#.#.#
*,,,,,*#.#.#.#**********


You could see a green draconian, a purple draconian shifter, a white draconian
stormcaller, a yellow draconian annihilator, a death drake (summoned) and a wind
drake (summoned, repels missiles).

Vanquished Creatures
  the Royal Jelly (Slime:5)
  A dread lich (Vaults:5)
  An ancient lich (Vaults:5)
  A royal mummy (Crypt:3)
  The ghost of Dawneret the Gnoll Aeon, a master GnFi of Cheibriados (Zot:1)
  Frederick (Crypt:1)
  Boris (4 times) (Vaults:4 Depths:1 Depths:2 Depths:3)
  A Killer Klown (Zot:3)
  Margery (Vaults:4)
  Saint Roka (Vaults:4)
  Xtahua (Vaults:4)
  3 caustic shrikes (Depths:4)
  12 golden dragons
  A curse toe (Zot:2)
  2 electric golems
  Rupert (D:12)
  3 liches
  15 tentacled monstrosities
  7 titans
  Asterion (Elf:1)
  5 searing wretches (Depths:4)
  3 deep elf master archers (Elf:3)
  A kraken (Shoals:4)
  A deep elf blademaster (Elf:2)
  7 ancient champions
  13 acid blobs
  8 quicksilver dragons
  9 death cobs
  Agnes (Snake:3)
  7 sphinxes
  Polyphemus (Shoals:4)
  6 tengu reavers
  Kirke (Lair:4)
  11 storm dragons
  3 revenants
  Donald (Vaults:3)
  2 draconian monks
  15 shadow dragons
  7 deep elf sorcerers
  8 rockslimes
  10 frost giants
  7 azure jellies
  6 fire giants
  3 iron dragons
  4 draconian knights
  5 draconian scorchers
  5 nagarajas (Snake:4)
  2 draconian shifters
  A ghost moth (Zot:2)
  A curse skull (Crypt:2)
  13 ironbound preservers
  16 vault wardens
  3 spriggan defenders
  Aizul (Shoals:4)
  4 deep elf elementalists (Elf:3)
  2 orc warlords
  3 ghouls (Crypt:1)
  2 war gargoyles
  13 quicksilver oozes
  12 stone giants
  A reaper (Depths:4)
  A draconian annihilator (Zot:3)
  7 vampire knights
  A putrid mouth (Depths:4)
  8 green draconians
  17 very ugly things
  9 ironbound thunderhulks
  2 deep elf demonologists (Elf:3)
  4 white draconians
  5 purple draconians
  7 black draconians
  4 deep elf annihilators (Elf:3)
  4 yellow draconians
  18 dire elephants
  9 red draconians
  A minotaur (Gauntlet)
  4 merfolk javelineers
  A blizzard demon (Depths:4)
  12 deep elf death magi
  5 eidola
  8 ettins
  11 merfolk impalers
  Josephine (D:13)
  3 jiangshi
  2 mummy priests (Crypt:3)
  2 entropy weavers (Vaults:4)
  10 yaktaur captains
  9 fire dragons
  9 deep elf high priests
  5 great orbs of eyes
  A rakshasa (D:8)
  5 salamander tyrants
  27 vault guards
  3 spriggan air magi
  An ogre mage (Vaults:5)
  15 ice dragons
  7 hydras
  4 merfolk aquamancers
  2 merfolk avatars
  An anaconda (shapeshifter) (Depths:4)
  4 catoblepae
  A hydra (shapeshifter) (Depths:3)
  2 peacekeepers
  Erica (D:10)
  12 centaur warriors
  4 boulder beetles
  5 satyrs
  4 alligator snapping turtles
  9 ironbound frosthearts
  A two-headed ogre (D:13)
  3 anacondas
  4 death knights
  29 dancing weapons
  8 deep troll shamans
  7 naga warriors
  An Orb Guardian skeleton (Crypt:3)
  5 tengu warriors
  2 death yaks (Shoals:4)
  A shock serpent (shapeshifter) (Vaults:5)
  6 vampire magi
  3 hell hogs (Depths:4)
  4 orc high priests
  3 spriggan berserkers (Depths:4)
  9 deep troll earth magi
  10 naga sharpshooters
  10 hell knights
  3 shock serpents
  A sun demon (Depths:4)
  6 soul eaters
  13 deep elf knights
  4 skysharks
  Nergalle (D:12)
  2 salamander mystics
  6 iron trolls
  2 shadow wraiths (Crypt:3)
  19 skeletal warriors
  8 flayed ghosts
  48 deep trolls
  12 sea snakes
  A sea snake (shapeshifter) (Vaults:5)
  10 bog bodies (Crypt:3)
  A tengu zombie (Vaults:2)
  A ghost moth zombie (Crypt:2)
  An anaconda skeleton (Crypt:3)
  5 naga ritualists
  8 wizards
  22 ironbound convokers
  8 lindwurms
  9 deep elf archers
  16 harpies
  7 necromancers
  5 orc knights
  4 mana vipers
  14 phantasmal warriors
  26 deep elf pyromancers
  4 orc sorcerers
  13 deep elf zephyrmancers
  5 salamanders
  An oklob plant (Lair:4)
  8 fauns
  A wolf spider (Vaults:5)
  44 ugly things
  6 cyclopes
  8 manticores
  A worldbinder (Gauntlet)
  6 water nymphs
  16 moths of wrath
  A centaur zombie (Crypt:2)
  A salamander (shapeshifter) (D:14)
  8 elephants
  9 merfolk sirens
  2 shining eyes
  An ice statue (Gauntlet)
  2 guardian serpents
  15 naga magi
  A demonic crawler (Depths:4)
  18 vault sentinels
  A rust devil (Depths:4)
  A shock serpent zombie (Crypt:3)
  33 black mambas
  An alligator snapping turtle zombie (Crypt:1)
  13 cane toads
  A torpor snail (Lair:5)
  2 gargoyles
  A minotaur zombie (Crypt:2)
  7 freezing wraiths
  7 rime drakes
  12 komodo dragons
  A rime drake (shapeshifter) (D:15)
  An orb spider zombie (Crypt:2)
  A kobold demonologist (D:13)
  An ice devil (Hell)
  2 unseen horrors
  18 yaktaurs
  A tengu conjurer (D:13)
  35 guardian mummies (Crypt:3)
  5 trolls
  3 meliai (D:13)
  A queen bee (shapeshifter) (Vaults:5)
  4 polar bears
  5 wind drakes
  3 hornets
  An ettin zombie (Vaults:2)
  25 merfolk
  A blink frog (shapeshifter) (D:15)
  A culicivora zombie (Crypt:3)
  11 snapping turtles
  29 blink frogs
  A guardian serpent skeleton (Crypt:3)
  A human simulacrum (Crypt:2)
  A jumping spider (shapeshifter) (Vaults:5)
  A radroach zombie (Crypt:1)
  A fire dragon skeleton (Crypt:2)
  5 flying skulls (Crypt:1)
  A shadow (D:11)
  A centaur simulacrum (D:14)
  A spriggan (Depths:4)
  10 water elementals
  2 air elementals
  6 wyverns
  63 slime creatures
  Eustachio (D:4)
  A black mamba zombie (Crypt:2)
  2 ice dragon skeletons
  54 yaks
  9 ushabtiu (Crypt:3)
  4 basilisks
  An elf skeleton (Vaults:2)
  3 chaos spawn (Depths:1)
  5 golden eyes
  4 wraiths
  2 fire elementals (Elf:1)
  4 hogs
  A steam dragon (Lair:1)
  9 vampire mosquitoes
  2 redbacks (Vaults:4)
  A glowing shapeshifter zombie (Crypt:2)
  42 nagas
  5 wargs
  2 naga zombies (Crypt:2)
  A swamp worm (shapeshifter) (Vaults:5)
  2 acid dragons
  A demonspawn zombie (Crypt:3)
  3 large abominations (Depths:1)
  A fire bat skeleton (Crypt:1)
  10 water moccasins
  32 orc warriors
  8 small abominations (Depths:1)
  A black bear (D:6)
  A snapping turtle zombie (Crypt:3)
  An ice beast (D:7)
  22 wolves
  8 ogres
  A swamp dragon skeleton (Crypt:3)
  10 centaurs
  3 boggarts
  2 kobold brigands
  An elf zombie (Crypt:1)
  A rime drake skeleton (Crypt:3)
  8 bullfrogs
  2 earth elementals
  A necrophage (Crypt:1)
  A gnoll sergeant (D:11)
  A scorpion (D:6)
  5 wights (D:8)
  3 killer bees (D:9)
  2 howler monkeys (D:10)
  3 electric eels
  A wolf skeleton (Crypt:3)
  A hound (D:4)
  2 gnoll boudas
  17 orc priests
  An iron imp (D:7)
  A jelly (D:7)
  3 sleepcaps
  An iguana (D:6)
  27 orc wizards
  7 hell rats (Depths:4)
  A deep dwarf skeleton (Crypt:3)
  4 mummies (Crypt:3)
  11 gnolls
  7 adders
  A steam dragon skeleton (Crypt:2)
  4 white imps
  5 ufetubi
  2 lava snake skeletons
  A worm (D:2)
  3 dart slugs
  77 orcs
  6 ball pythons
  9 endoplasms
  2 giant cockroaches
  11 goblins
  15 hobgoblins
  4 jackals (D:2)
  A quokka (D:5)
  A ball python skeleton (Crypt:1)
  5 bats
  A frilled lizard (D:3)
  A frilled lizard zombie (Crypt:1)
  15 kobolds
  6 rats
  A spectral orc (D:4)
  5 tentacles
1979 creatures vanquished.

Vanquished Creatures (collateral kills)
  The ghost of Beuseq the Gnoll Aeon, a master GnFi of Cheibriados (Zot:1)
  Sojobo (Vaults:4)
  A deep elf blademaster (Elf:3)
  A titan (Vaults:2)
  An acid blob (Slime:2)
  2 krakens
  2 tengu reavers (Vaults:4)
  A shadow dragon (Vaults:4)
  A nagaraja (Snake:4)
  2 deep elf elementalists
  4 ironbound preservers (Vaults:4)
  A very ugly thing (Vaults:3)
  A quicksilver ooze (Slime:1)
  An ironbound thunderhulk (Vaults:1)
  A deep elf annihilator (Elf:3)
  A deep elf demonologist (Elf:1)
  Snorg (D:13)
  A deep elf death mage (Elf:3)
  A dire elephant (Vaults:2)
  An ettin (D:15)
  2 merfolk javelineers (Shoals:4)
  3 yaktaur captains
  2 deep elf high priests (Elf:3)
  3 great orbs of eyes
  A merfolk avatar (Shoals:4)
  An ironbound frostheart (Vaults:4)
  A two-headed ogre (D:12)
  2 anacondas
  3 dancing weapons (Elf:2)
  A centaur warrior (D:14)
  A boulder beetle (D:13)
  2 naga warriors
  An orc high priest (Orc:2)
  2 hell knights (Vaults:4)
  3 deep elf knights
  A skyshark (Shoals:1)
  2 deep trolls (Vaults:4)
  3 sea snakes
  A sea snake (shapeshifter) (Vaults:1)
  25 slime creatures
  A glowing orange brain (Vaults:3)
  2 wizards
  4 deep elf zephyrmancers
  A necromancer (D:15)
  2 ironbound convokers
  A lindwurm (Vaults:1)
  3 harpies
  5 deep elf pyromancers
  6 ugly things
  4 fauns
  A tengu skeleton (Vaults:2)
  7 vault sentinels
  An elephant (Lair:4)
  6 black mambas
  A gargoyle (D:11)
  11 yaktaurs
  A komodo dragon (Lair:5)
  A tengu conjurer (D:14)
  2 polar bears
  A meliai (shapeshifter) (D:15)
  6 merfolk
  3 wind drakes
  2 blink frogs (Lair:2)
  A vampire (D:12)
  3 wraiths (D:13)
  10 yaks
  A fire elemental (Elf:1)
  2 basilisks
  A redback (Vaults:4)
  2 vampire mosquitoes
  8 nagas
  2 wargs
  6 orc warriors
  3 centaurs
  4 boggarts (Vaults:4)
  4 wolves
  A bullfrog (D:8)
  An earth elemental (Elf:3)
  A killer bee (D:9)
  A howler monkey (D:10)
  7 orc priests
  15 orc wizards
  23 orcs
  A hobgoblin (D:7)
  2 kobolds
  A goblin (D:7)
258 creatures vanquished.

Vanquished Creatures (others)
  A deep elf master archer (Elf:3)
  A yaktaur captain (Vaults:3)
  A centaur warrior (Vaults:1)
  A deep elf knight (Elf:1)
  A harpy (Shoals:4)
  A vault sentinel (Vaults:3)
  2 yaktaurs
  A merfolk (Shoals:4)
  24 knights
  29 tentacles
62 creatures vanquished.

Grand Total: 2299 creatures vanquished

Notes
Turn   | Place    | Note
-------+----------+-------------------------------------------
     0 | D:1      | GeoRichter the Barachi Hunter began the quest for the Orb.
     0 | D:1      | Reached XP level 1. HP: 17/17 MP: 1/1
    47 | D:1      | Reached XP level 2. HP: 22/23 MP: 2/2
   100 | D:1      | Found Raraablerch's Distillery.
   123 | D:1      | You fall into a shaft and drop 1 floor!
   497 | D:2      | Reached XP level 3. HP: 29/29 MP: 3/3
   544 | D:1      | Bought a potion of curing for 42 gold pieces
   657 | D:2      | Reached skill level 5 in Ranged Weapons
   706 | D:2      | Found a runed translucent door.
   707 | D:2      | Noticed Crazy Yiuf
   830 | D:2      | Reached XP level 4. HP: 35/35 MP: 4/4
  1282 | D:3      | Found a faded altar of an unknown god.
  1285 | D:3      | Noticed an eye of devastation
  1286 | D:3      | Noticed an eye of devastation
  1289 | D:3      | Noticed a floating eye
  1294 | D:3      | Noticed a great orb of eyes
  1749 | D:3      | Found a glowing silver altar of Zin.
  1801 | D:4      | Reached XP level 5. HP: 38/42 MP: 5/5
  1865 | D:4      | Noticed Eustachio
  1887 | D:4      | Killed Eustachio
  1888 | D:4      | Reached skill level 6 in Ranged Weapons
  1888 | D:4      | Reached XP level 6. HP: 38/50 MP: 6/6
  1893 | D:4      | Reached skill level 5 in Fighting
  2095 | D:4      | Reached skill level 7 in Ranged Weapons
  2095 | D:4      | Reached XP level 7. HP: 56/56 MP: 7/7
  2175 | D:4      | Noticed Plommelars's ghost (novice MiBe)
  2180 | D:4      | Found a transporter.
  2184 | D:4      | Identified the +8 spear "Hicabla" {drain, Fly rPois Stlth-}
  2231 | D:4      | Found a transporter.
  2359 | D:4      | Found a basalt altar of Yredelemnul.
  2454 | D:5      | Entered Level 5 of the Dungeon
  2529 | D:5      | Found a staircase to the Ecumenical Temple.
  2541 | Temple   | Entered the Ecumenical Temple
  2763 | Temple   | Became a worshipper of Hepliaklqana the Forgotten
  3616 | D:6      | Reached skill level 8 in Ranged Weapons
  3641 | D:6      | Reached XP level 8. HP: 65/65 MP: 8/8
  3740 | D:6      | Reached * piety under Hepliaklqana
  4101 | D:7      | Reached skill level 9 in Ranged Weapons
  4592 | D:7      | Found a snail-covered altar of Cheibriados.
  4690 | D:7      | Reached ** piety under Hepliaklqana
  4700 | D:7      | Remembered your ancestor Shatu-murrim as a knight
  4704 | D:7      | Reached skill level 10 in Ranged Weapons
  5096 | D:8      | Noticed a yak
  5096 | D:8      | Noticed a yak
  5096 | D:8      | Noticed a yak
  5096 | D:8      | Noticed a yak
  5097 | D:8      | Noticed a yak
  5106 | D:8      | Killed a yak
  5107 | D:8      | Reached XP level 9. HP: 63/63 MP: 9/9
  5110 | D:8      | Reached skill level 11 in Ranged Weapons
  5181 | D:8      | Reached skill level 12 in Ranged Weapons
  5204 | D:8      | Noticed a hornet
  5206 | D:8      | Killed a hornet
  5416 | D:8      | Reached skill level 1 in Evocations
  5438 | D:8      | Noticed a komodo dragon
  5440 | D:8      | Killed a komodo dragon
  5441 | D:8      | Reached XP level 10. HP: 71/71 MP: 10/10
  5678 | D:8      | Found a staircase to the Lair.
  5891 | D:8      | Reached skill level 13 in Ranged Weapons
  5904 | D:8      | Noticed a white ugly thing
  5904 | D:8      | Noticed a manticore
  5908 | D:8      | Noticed a rakshasa
  5912 | D:8      | Killed a white ugly thing
  5918 | D:8      | Killed a manticore
  5919 | D:8      | Reached skill level 5 in Dodging
  5988 | D:8      | Killed a rakshasa
  6371 | Lair:1   | Entered Level 1 of the Lair of Beasts
  6391 | Lair:1   | Reached XP level 11. HP: 23/78 MP: 11/11
  6466 | Lair:1   | Reached skill level 14 in Ranged Weapons
  6770 | Lair:1   | Reached *** piety under Hepliaklqana
  6980 | Lair:1   | Reached skill level 10 in Fighting
  7058 | Lair:1   | Reached skill level 15 in Ranged Weapons
  7275 | Lair:2   | Noticed an eight-headed hydra
  7279 | Lair:2   | Reached XP level 12. HP: 88/88 MP: 12/12
  7343 | Lair:2   | Noticed a skyshark
  7349 | Lair:2   | Killed a skyshark
  7480 | Lair:2   | Killed an eight-headed hydra
  7625 | Lair:2   | Reached skill level 16 in Ranged Weapons
  8156 | Lair:3   | Reached skill level 1 in Stealth
  8200 | Lair:3   | Found a staircase to the Shoals.
  8252 | Lair:3   | Reached skill level 1 in Armour
  8288 | Lair:3   | Reached **** piety under Hepliaklqana
  8310 | Lair:3   | Reached skill level 1 in Invocations
  8313 | Lair:3   | Found a staircase to the Snake Pit.
  8426 | Lair:3   | Noticed a six-headed hydra
  8431 | Lair:3   | Killed a six-headed hydra
  8882 | Lair:4   | Gained mutation: You can hop long distances. [Barachi
                  | growth]
  8882 | Lair:4   | Reached XP level 13. HP: 95/95 MP: 14/14
  9081 | Lair:4   | Identified the +3 morningstar of Analysis {speed, Fragile
                  | rPois rN++}
  9085 | Lair:4   | Found a viscous altar of Jiyva.
  9085 | Lair:4   | Found a staircase to the Slime Pits.
  9092 | Lair:4   | Reached ***** piety under Hepliaklqana
  9437 | Lair:4   | Reached skill level 17 in Ranged Weapons
  9529 | Lair:4   | Noticed Kirke
  9637 | Lair:4   | Killed Kirke
  9850 | Lair:5   | Entered Level 5 of the Lair of Beasts
  9866 | Lair:5   | Reached skill level 5 in Stealth
 10127 | Lair:5   | Reached skill level 18 in Ranged Weapons
 10225 | Lair:5   | Reached skill level 5 in Evocations
 10227 | Lair:5   | Reached XP level 14. HP: 103/103 MP: 16/16
 10332 | Lair:5   | Learned a level 2 spell: Wereblood
 10366 | Lair:5   | Reached skill level 10 in Dodging
 10366 | Lair:5   | Reached skill level 1 in Transmutations
 10594 | Lair:5   | Identified the +10 trident of Purpose {antimagic, rN+}
 10598 | Lair:5   | Identified the +8 halberd of Debt {speed, rElec rCorr Str+6
                  | Stlth-}
 10751 | Lair:5   | Reached skill level 1 in Spellcasting
 11839 | D:9      | Found a stormy altar of Qazlal.
 11840 | D:9      | Found a shimmering altar of Xom.
 11842 | D:9      | Found an opulent altar of Gozag.
 11864 | D:9      | Found a shimmering blue altar of Sif Muna.
 11931 | D:10     | Entered Level 10 of the Dungeon
 11932 | D:10     | Noticed Erica
 12128 | D:10     | Killed Erica
 12146 | D:10     | Reached skill level 5 in Transmutations
 12302 | D:10     | Found a transporter.
 12302 | D:10     | Found Plog's Assorted Antiques.
 12408 | D:10     | Found a transporter.
 12447 | D:10     | Noticed aeroqp's ghost (novice DsNe)
 12466 | D:10     | Found a transporter.
 12492 | D:10     | Found a transporter.
 12548 | D:10     | Found an iron altar of Okawaru.
 12736 | D:11     | Found a transporter.
 12911 | D:11     | Found a transporter.
 13020 | D:11     | Found a staircase to the Orcish Mines.
 13248 | Orc:1    | Entered Level 1 of the Orcish Mines
 13255 | Orc:1    | Reached skill level 5 in Armour
 13488 | Orc:2    | Entered Level 2 of the Orcish Mines
 13494 | Orc:2    | Reached XP level 15. HP: 110/111 MP: 18/20
 13500 | Orc:2    | Found a staircase to the Elven Halls.
 13500 | Orc:2    | Reached ****** piety under Hepliaklqana
 13525 | Orc:2    | Found Puvytz's Armour Shoppe.
 13657 | Orc:2    | Noticed an orc warlord
 13736 | Orc:2    | Found Esteug's Antique Armour Shop.
 13742 | Orc:2    | Bought the +4 helmet of Exclusion {rElec Str-3 Stlth+} for
                  | 560 gold pieces
 13849 | Orc:2    | Reached skill level 19 in Ranged Weapons
 13894 | Orc:2    | Killed an orc warlord
 13995 | Orc:2    | Found Ysalilih's Antique Armour Shop.
 13996 | Orc:2    | Found Tocw's Antique Weapon Boutique.
 14000 | Orc:2    | Found Ryuruc's General Store.
 14000 | Orc:2    | Found Celucy's Book Shop.
 14015 | Orc:2    | Bought a brightly glowing helmet for 275 gold pieces
 14015 | Orc:2    | Identified the +1 helmet "Acauff" {Int+7 Dex-5} (You bought
                  | it in a shop on level 2 of the Orcish Mines)
 14567 | D:12     | Found a gate leading to a gauntlet.
 14581 | Gauntlet | Entered a Gauntlet
 14581 | Gauntlet | Found a transporter.
 14581 | Gauntlet | Found a transporter.
 14581 | Gauntlet | Found a large runed translucent door.
 14581 | Gauntlet | Found a large runed translucent door.
 14581 | Gauntlet | Found a large runed translucent door.
 14581 | Gauntlet | Found a large runed translucent door.
 14581 | Gauntlet | Found a large runed translucent door.
 14581 | Gauntlet | Found a large runed translucent door.
 14581 | Gauntlet | Found a runed translucent door.
 14581 | Gauntlet | Found a runed translucent door.
 14581 | Gauntlet | Found a large runed translucent door.
 14581 | Gauntlet | Found a large runed translucent door.
 14581 | Gauntlet | Found a large runed translucent door.
 14581 | Gauntlet | Found a large runed translucent door.
 14581 | Gauntlet | Found a large runed translucent door.
 14581 | Gauntlet | Found a large runed translucent door.
 14581 | Gauntlet | Found a large runed translucent door.
 14581 | Gauntlet | Found a large runed translucent door.
 14581 | Gauntlet | Found a large runed translucent door.
 14581 | Gauntlet | Found a large runed translucent door.
 14584 | Gauntlet | Identified a scroll of acquirement
 14584 | Gauntlet | Acquired a ring of poison resistance
 14588 | Gauntlet | Found a transporter.
 14588 | Gauntlet | Found a transporter.
 14594 | Gauntlet | Found a runed translucent gate.
 14594 | Gauntlet | Found a runed translucent gate.
 14594 | Gauntlet | Found a runed translucent gate.
 14596 | Gauntlet | Found a transporter.
 14604 | Gauntlet | Found a transporter.
 14616 | Gauntlet | Found a transporter.
 14621 | Gauntlet | Found a transporter.
 14624 | Gauntlet | Noticed a balrug
 14625 | Gauntlet | Found a transporter.
 14625 | Gauntlet | Found a transporter.
 14629 | Gauntlet | Found a transporter.
 14671 | Gauntlet | Found a transporter.
 14695 | Gauntlet | Found a transporter.
 14727 | Gauntlet | Found a transporter.
 14743 | Gauntlet | Found a transporter.
 14855 | Gauntlet | Found a transporter.
 15026 | Gauntlet | Identified the +1 pair of boots "Vericl Sazxo" {Rampage
                  | rC++ Str-4}
 15133 | Gauntlet | Identified the +8 battleaxe of the Scroll {freeze, Dex+2}
 15133 | Gauntlet | Identified the +12 dagger "Nishra" {freeze, Int+2}
 15133 | Gauntlet | Identified the +1 helmet of the Evening {rF+ rN+ Int+3}
 15349 | D:12     | Noticed Nergalle
 15355 | D:12     | Killed Nergalle
 15466 | D:12     | Noticed Rupert
 15470 | D:12     | Killed Rupert
 15871 | D:13     | Noticed Snorg
 15875 | D:13     | Killed Snorg
 15875 | D:13     | Noticed Josephine
 15881 | D:13     | Killed Josephine
 16639 | D:13     | Found a portal to a secret trove of treasure.
 16871 | D:14     | Reached XP level 16. HP: 120/120 MP: 19/22
 17121 | D:14     | Found a bloodstained altar of Trog.
 17388 | D:14     | Found a gate to the Vaults.
 17444 | D:15     | Entered Level 15 of the Dungeon
 17446 | D:15     | Reached skill level 20 in Ranged Weapons
 17537 | D:15     | Identified the ring of Dim Light {Will+ Int+6}
 17737 | D:15     | Reached skill level 15 in Fighting
 17799 | D:15     | Found a staircase to the Depths.
 18414 | Snake:1  | Entered Level 1 of the Snake Pit
 20065 | Snake:3  | Found a flickering gateway to a bazaar.
 20075 | Bazaar   | Entered a bazaar
 20096 | Bazaar   | Found Tetest's Antique Weapon Shoppe.
 20096 | Bazaar   | Found Ihich's Book Emporium.
 20118 | Bazaar   | Found Faliufa's Armour Shoppe.
 20118 | Bazaar   | Found Duciu's Book Emporium.
 20140 | Bazaar   | Found Qin Ably's Assorted Antiques.
 20193 | Bazaar   | Bought a manual of Evocations for 960 gold pieces
 20199 | Bazaar   | Bought a +2 pair of gloves for 132 gold pieces
 20292 | Snake:3  | Reached XP level 17. HP: 127/127 MP: 23/23
 20317 | Snake:3  | Reached skill level 5 in Invocations
 20473 | Snake:3  | Reached skill level 21 in Ranged Weapons
 20890 | Snake:3  | Noticed Agnes
 20894 | Snake:3  | Killed Agnes
 21097 | Snake:4  | Entered Level 4 of the Snake Pit
 21730 | Snake:4  | Reached skill level 10 in Evocations
 21733 | Snake:4  | Identified the +2 robe of the Trees {Will- Dex+7}
 22063 | Snake:4  | Found Seupasosuc's Book Shoppe.
 22252 | Snake:4  | Got a serpentine rune of Zot
 22456 | Shoals:1 | Entered Level 1 of the Shoals
 23204 | Shoals:2 | Reached XP level 18. HP: 134/134 MP: 24/24
 23265 | Shoals:2 | Reached skill level 22 in Ranged Weapons
 23427 | Shoals:2 | Found Ucoaseh's Assorted Antiques.
 23436 | Shoals:2 | Bought a potion of curing for 87 gold pieces
 23680 | Shoals:2 | Found a transporter.
 23683 | Shoals:2 | Noticed Witt's ghost (adept GrFi)
 23686 | Shoals:2 | Found a bloodstained altar of Trog.
 23866 | Shoals:2 | Found a transporter.
 24602 | Shoals:4 | Entered Level 4 of the Shoals
 24690 | Shoals:4 | Noticed Aizul
 24876 | Shoals:4 | Noticed Polyphemus
 24893 | Shoals:4 | Killed Polyphemus
 25507 | Shoals:4 | Got a barnacled rune of Zot
 25558 | Shoals:4 | Killed Aizul
 26442 | Vaults:1 | Entered Level 1 of the Vaults
 26448 | Vaults:1 | Reached skill level 15 in Dodging
 26498 | Vaults:1 | Reached XP level 19. HP: 141/141 MP: 25/25
 26622 | Vaults:1 | Reached skill level 23 in Ranged Weapons
 26938 | Orc:2    | Bought a book of Weapons for 336 gold pieces
 26942 | Orc:2    | Learned a level 3 spell: Portal Projectile
 26999 | Elf:1    | Entered Level 1 of the Elven Halls
 27015 | Elf:1    | Reached skill level 1 in Translocations
 27456 | Elf:1    | Identified the ring "Wyalas" {+Blink Will+ Int+6 Dex+3}
 27458 | Elf:1    | Noticed an Ice Fiend
 27464 | Elf:1    | Noticed a Hell Sentinel
 27598 | Elf:1    | Found a runed translucent gate.
 27598 | Elf:1    | Found a runed translucent gate.
 27598 | Elf:1    | Found a runed translucent gate.
 27598 | Elf:1    | Found a runed translucent gate.
 27598 | Elf:1    | Found a runed translucent gate.
 27673 | Elf:1    | Noticed Asterion
 27691 | Elf:1    | Killed Asterion
 28010 | Elf:1    | Found a runed translucent gate.
 28041 | Elf:1    | Identified the +1 robe of Courage {Dex+4}
 28353 | Elf:2    | Reached skill level 5 in Translocations
 28359 | Elf:2    | Found a runed translucent gate.
 28360 | Elf:2    | Found a runed translucent gate.
 28360 | Elf:2    | Found a runed translucent gate.
 29246 | Elf:3    | Entered Level 3 of the Elven Halls
 29265 | Elf:3    | Reached XP level 20. HP: 151/151 MP: 26/26
 29347 | Elf:3    | Found a radiant altar of Vehumet.
 30351 | Elf:3    | Identified the +8 flail of Ignis's Indignation {flame,
                  | Will++}
 30356 | Abyss:2  | Cast into level 2 of the Abyss (a deep elf sorcerer)
 30367 | Abyss:2  | Noticed a profane servitor
 30383 | Elf:3    | Escaped the Abyss
 30479 | Elf:3    | Acquired 772 gold pieces
 30481 | Elf:3    | Acquired 1025 gold pieces
 30483 | Elf:3    | Acquired 622 gold pieces
 30642 | Elf:3    | Identified the +6 short sword "Killer Bee's Doom" {speed,
                  | Str+8}
 30653 | Elf:3    | Identified the ring of Cuxefon {Drain rElec rF++ Str+6
                  | Dex+4}
 30658 | Elf:3    | Reached skill level 24 in Ranged Weapons
 31216 | Elf:3    | Identified the staff of earth "Affedyosch" {rF- rC+ rCorr}
 31234 | Elf:3    | Identified the +6 dagger "Ylilufidd" {heavy, rPois rCorr}
 31256 | Elf:3    | Got Roxanne's Compendium of Silt and Sculpting
 31259 | Elf:3    | Got Kyniap's Lectures on Calefaction and Jinxing
 31283 | Elf:3    | Identified the ring of Ohatwagu {rElec rPois rC- rN++ AC+4}
 33120 | Vaults:1 | Learned a level 1 spell: Apportation
 33151 | Vaults:2 | Reached skill level 10 in Translocations
 33315 | Vaults:2 | Reached XP level 21. HP: 118/158 MP: 27/27
 33741 | Vaults:2 | Identified the ring "Igitimmo" {+Blink rC+ Will+ Dex-4}
 33762 | Vaults:2 | Found Jearoz's Distillery.
 33771 | Vaults:2 | Bought a potion of mutation for 80 gold pieces
 33771 | Vaults:2 | Bought a potion of curing for 30 gold pieces
 33771 | Vaults:2 | Bought a potion of heal wounds for 50 gold pieces
 33771 | Vaults:2 | Bought a potion of heal wounds for 50 gold pieces
 33771 | Vaults:2 | Bought a potion of curing for 30 gold pieces
 34497 | Vaults:3 | Found Room's Book Boutique.
 34642 | Vaults:3 | Noticed Donald
 34646 | Vaults:3 | Killed Donald
 34647 | Vaults:3 | Reached skill level 25 in Ranged Weapons
 34965 | Vaults:3 | Found a transporter.
 35004 | Vaults:3 | Found a transporter.
 35098 | Vaults:3 | Identified the +6 whip of Glowing Quick Death {protect,
                  | Contam Str+5 Dex+5}
 35168 | Vaults:3 | Found a staircase to the Crypt.
 35168 | Vaults:3 | Found a basalt altar of Yredelemnul.
 35168 | Vaults:3 | Found an ancient bone altar of Kikubaaqudgha.
 35469 | Vaults:4 | Noticed Saint Roka
 35479 | Vaults:4 | Killed Saint Roka
 35696 | Vaults:4 | Noticed Sojobo
 35706 | Vaults:4 | Killed Sojobo
 35840 | Vaults:4 | Noticed Margery
 35848 | Vaults:4 | Killed Margery
 35849 | Vaults:4 | Reached XP level 22. HP: 165/168 MP: 18/28
 36067 | Vaults:4 | Identified the +7 dagger of Spontaneous Combustion {drain,
                  | rF+}
 36432 | Vaults:4 | Noticed Boris
 36436 | Vaults:4 | Killed Boris
 36437 | Vaults:4 | Reached skill level 26 in Ranged Weapons
 36447 | Vaults:4 | Found Xoluasch's Weapon Emporium.
 36454 | Vaults:4 | Noticed Xtahua
 36459 | Vaults:4 | Killed Xtahua
 37026 | Slime:1  | Entered Level 1 of the Pits of Slime
 37502 | Slime:2  | You fall into a shaft and drop 2 floors!
 37822 | Slime:2  | Reached skill level 10 in Invocations
 37959 | Slime:5  | Entered Level 5 of the Pits of Slime
 37985 | Slime:5  | Noticed the Royal Jelly
 38007 | Slime:5  | Killed the Royal Jelly
 38048 | Slime:5  | Found the amulet of Vitality {RegenMP++ Regen++}
 38087 | Slime:5  | Identified the +1 leather armour of Generosity {Will+}
 38091 | Slime:5  | Identified the staff of cold "Sykecs" {rC+ Int+2}
 38140 | Slime:5  | Got the Anthology of the Summoned Blink Frog
 38169 | Slime:5  | Identified the +1 gold dragon scales of the Squeaky God
                  | {rElec rPois rF+ rC+ rN+ Int-4 Dex+2}
 38171 | Slime:5  | Got a slimy rune of Zot
 38587 | Temple   | Fell from the grace of Hepliaklqana
 38587 | Temple   | Became a worshipper of the Shining One
 38587 | Temple   | Was placed under penance by the Shining One
 38828 | D:13     | You paid a toll of +4 fire dragon scales to enter a
                  | treasure trove
 38829 | Trove    | Entered a treasure trove
 38840 | Trove    | Got Sif Muna's Codex of the Earth
 38849 | Trove    | Got the Vellum of the Airy Winter
 39123 | Crypt:1  | Entered Level 1 of the Crypt
 39183 | Crypt:1  | Was forgiven by the Shining One
 39362 | Crypt:1  | Reached * piety under the Shining One
 39469 | Crypt:1  | Reached ** piety under the Shining One
 39488 | Crypt:1  | Noticed Frederick
 39493 | Crypt:1  | Killed Frederick
 39758 | Crypt:1  | Reached *** piety under the Shining One
 39966 | Crypt:2  | Reached **** piety under the Shining One
 40205 | Crypt:2  | Reached ***** piety under the Shining One
 40553 | Crypt:3  | Entered Level 3 of the Crypt
 40645 | Crypt:3  | Reached ****** piety under the Shining One
 40684 | Crypt:3  | Identified a +8 triple crossbow of holy wrath (a +6 triple
                  | crossbow of freezing blessed by the Shining One)
 40684 | Crypt:3  | Received a gift from the Shining One
 40775 | Crypt:3  | Found a staircase to the Tomb.
 41504 | Crypt:3  | Identified the +8 eveningstar "Eheiff" {heavy, rPois rC-
                  | Str+2}
 41504 | Crypt:3  | Noticed a royal mummy
 41510 | Crypt:3  | Killed a royal mummy
 41562 | Crypt:3  | Identified the ring "Siovyth" {rN+ Will+ Dex+3}
 41580 | Crypt:3  | Identified the +7 sling of Ippaxass {drain, rF- Int+2
                  | Dex+5}
 41705 | Crypt:3  | Identified the ring "Bechuwk" {Contam rN+ Str+6 Dex+4}
 41705 | Crypt:3  | Identified the ring of Kabrymau {rN+ Str+2 Int+2}
 42159 | Depths:1 | Entered Level 1 of the Depths
 42347 | Depths:1 | Found a one-way gate to the infinite horrors of the Abyss.
 42378 | Depths:1 | Noticed Boris
 42383 | Depths:1 | Killed Boris
 42454 | Depths:1 | Found a gateway to Hell.
 43065 | Depths:2 | Found a stormy altar of Qazlal.
 43218 | Depths:2 | Found the +15 Maxwell's patent armour {-Cast -Tele rElec
                  | Will+ rCorr}
 43522 | Depths:2 | Noticed Boris
 43526 | Depths:2 | Killed Boris
 43682 | Depths:2 | Found a one-way gate leading to the halls of Pandemonium.
 43950 | Depths:3 | Noticed Boris
 43955 | Depths:3 | Killed Boris
 44027 | Depths:3 | Noticed a golden dragon
 44284 | Depths:3 | Identified the ring "Optebbur" {rF++ rC+ Dex+6}
 44308 | Depths:3 | Killed a golden dragon
 44668 | Depths:3 | Was forgiven by Hepliaklqana
 44838 | Depths:3 | Identified the ring "Gimnojusi" {+Blink rF+ Int+3}
 44966 | Depths:4 | Entered Level 4 of the Depths
 45109 | Depths:4 | Reached XP level 23. HP: 102/197 MP: 31/31
 45326 | Depths:4 | Found a gate to the Realm of Zot.
 45326 | Depths:4 | Noticed a golden dragon
 45346 | Depths:4 | Killed a golden dragon
 45432 | Depths:4 | Noticed a caustic shrike
 45432 | Depths:4 | Noticed a caustic shrike
 45434 | Depths:4 | Noticed a caustic shrike
 45442 | Depths:4 | Killed a caustic shrike
 45444 | Depths:4 | Killed a caustic shrike
 45448 | Depths:4 | Killed a caustic shrike
 45541 | Depths:4 | Found a one-way gateway to a ziggurat.
 45562 | Depths:4 | Noticed a golden dragon
 45565 | Depths:4 | Killed a golden dragon
 45705 | Depths:4 | Found a broken altar of Ashenzari.
 46313 | Hell     | Entered the Vestibule of Hell
 46313 | Hell     | Noticed Geryon
 47048 | Vaults:5 | Entered Level 5 of the Vaults
 47052 | Vaults:5 | Noticed an ancient lich
 47092 | Vaults:5 | Reached skill level 1 in Summonings
 47350 | Vaults:5 | Reached skill level 5 in Summonings
 47399 | Vaults:5 | Reached XP level 24. HP: 200/205 MP: 33/33
 47420 | Vaults:5 | Identified the +5 great sword of Cevucz Cyrua {antimagic,
                  | rElec rF+ rCorr}
 47544 | Vaults:5 | Noticed a dread lich
 47547 | Vaults:5 | Killed a dread lich
 47550 | Vaults:5 | Killed an ancient lich
 47568 | Vaults:5 | Identified the +0 robe of Jumaloox {rF+ Int+4}
 47590 | Vaults:5 | Identified the +5 spear "Tigiyc" {flame, rElec rPois rF+
                  | Will++}
 47736 | Vaults:5 | Identified the +5 trident "Guisamm" {flame, rElec Will+}
 47739 | Vaults:5 | Identified the ring "Ohel" {EV+5 Str+5 Dex+6}
 47914 | Vaults:5 | Got a silver rune of Zot
 48011 | Vaults:5 | Learned a level 5 spell: Summon Forest
 48048 | Vaults:5 | Reached skill level 10 in Summonings
 48462 | Vaults:5 | Found Taprac's Armour Shoppe.
 48791 | Zot:1    | Entered Level 1 of the Realm of Zot
 49244 | Zot:1    | Reached XP level 25. HP: 210/215 MP: 33/33
 49512 | Zot:1    | Got the Elucidation of the Panacea
 49513 | Zot:1    | Identified the +0 robe of Resilience {rPois rC- rN+ Int+3
                  | Stlth+}
 49586 | Zot:1    | Found a runed translucent gate.
 49586 | Zot:1    | Noticed Beuseq's ghost (master GnFi)
 49588 | Zot:1    | Found a runed translucent gate.
 49588 | Zot:1    | Found a runed translucent gate.
 49591 | Zot:1    | Noticed Dawneret's ghost (master GnFi)
 50095 | Zot:1    | Identified the +2 pair of gloves of Liberty {Fly rN+
                  | Regen+}
 50182 | Zot:1    | Killed Beuseq's ghost
 50486 | Zot:1    | Killed Dawneret's ghost
 51353 | Zot:2    | Found a runed translucent gate.
 51353 | Zot:2    | Found a runed translucent gate.
 51353 | Zot:2    | Found a runed translucent gate.
 51355 | Zot:2    | Noticed Emnejil's ghost (master VSBe)
 51740 | Zot:3    | Reached skill level 15 in Evocations
 51867 | Zot:3    | Noticed a Killer Klown
 51875 | Zot:3    | Killed a Killer Klown
 52514 | Zot:4    | Noticed Parghit
 52732 | Zot:4    | HP: 3/217 [yellow draconian annihilator/iron shot (33)]
 52732 | Zot:4    | Killed from afar by a white draconian stormcaller

Illustrated notes

Levels and vault maps discovered:
D:1:      dpeg_arrival_leaves_temple_mockup, layout_rooms, serial_shops, shop
D:2:      cheibrodos_greedy_goblins, layout_basic, minmay_statues_item,
          minmay_pentomino_x4, uniq_crazy_yiuf_cottage
D:3:      layout_loops_ring, zin_scriptorium,
          hellmonk_ecumenical_altar_watching_god
D:4:      layout_basic, yredelemnul_forgotten_temple_becter,
          gammafunk_ghost_mausoleum, hangedman_decor_push, uniq_eustachio
D:5:      layout_basic, minmay_temple_entry_overgrown, serial_glass,
          glass_columns_a, glass_columns_c, corexii_checkpoint_a
D:6:      layout_cave_pools
D:7:      corexii_shack_village, layout_loops_corners, chei_slow_surprise,
          nicolae_eternal_life
D:8:      minmay_chambers_of_sevens, layout_basic, erik_lair_dragon,
          glass_columns_a
D:9:      layout_long_grid, mainiacjoe_overflow_alcove_4,
          chequers_temple_overflow_statue_of_worship, grunt_decor_fettered,
          chequers_serial_rivers_large_a
D:10:     layout_rooms, okawaru_altar_gauntlet_db,
          gammafunk_ghost_berserking_beasts, serial_shops,
          nicolae_shop_drivethru, minivault_28, uniq_erica
D:11:     gammafunk_worm_tunnel, layout_irregular_city, david_orc_5
D:12:     layout_irregular_city, gauntlet_entry_generic, uniq_nergalle,
          uniq_rupert
D:13:     layout_loops_ring, trove_entry_hex_spiral, uniq_snorg, uniq_josephine
D:14:     layout_irregular_city, david_vaults_5, grunt_decor_arrowhead,
          trog_ov_bears_minmay
D:15:     hangedman_depths_entry_civil_slaughter, layout_basic,
          serial_bayou_lagoon_a
Temple:   dpeg_chambers_temple
Lair:1:   layout_cave_pods, nicolae_quartered_pool_super, minivault_27
Lair:2:   layout_gridlike, nicolae_lair_grove_arrangements,
          infiniplex_staircase_pool_2, serial_bayou_shore_b, lemuel_fruit_fields
Lair:3:   layout_gridlike, elwin_shoals_entry_rocks, nicolae_snake_entry_squirm
Lair:4:   layout_big_grid, dpeg_slime_entry_enclosed, beast_lair_carwin_4,
          uniq_kirke
Lair:5:   gammafunk_lair_ancient_temple, layout_regular_city, evilmike_ambush
          [evilmike_ambush_outer_corners, evilmike_ambush_inner_basic]
Shoals:1: layout_shoals
Shoals:2: layout_shoals, serial_shops, shop, gammafunk_ghost_wrathful_warriors,
          nicolae_shoals_shepherds
Shoals:3: layout_shoals, yaktaur_hedge
Shoals:4: shoals_end_simple, layout_shoals, uniq_aizul, uniq_polyphemus
Snake:1:  layout_rooms
Snake:2:  layout_rooms
Snake:3:  layout_honeycomb, serial_shops, freezing_bzr, serial_bayou_shore_b,
          uniq_agnes
Snake:4:  minmay_snake_end_coiled, layout_layer_cave, serial_shops, shop
Slime:1:  layout_caves
Slime:2:  layout_caves
Slime:3:  layout_caves, uniq_dissolution
Slime:4:  layout_caves, cheibrodos_slime_lost_civilization_7
Slime:5
Orc:1:    minmay_goldmine, layout_caves
Orc:2:    st_orc_congregation, layout_caves, serial_shops, shop, shop
Elf:1:    minmay_elf_arrival_summoners, layout_geoelf_octagon, orc_legates,
          uniq_asterion
Elf:2:    nicolae_elf_blades_crystal_corner, layout_geoelf_diagonals
Elf:3:    minmay_elf_hall_quartered_circle, layout_geoelf_castle, basic_altar
Vaults:1: vaults_room_door_hall, nicolae_vaults_closet_pinwheel_1, st_diamondy,
          v_misc_23, vaults_room_octagon, nicolae_vaults_offset_grid_hallway_1,
          v_rooms_6, nicolae_vaults_six-pack, serial_ice_g,
          nicolae_vaults_closet_pinwheel_3, nicolae_vaults_house_3,
          nicolae_vaults_layer_cake_slice, grunt_vaults_funnel,
          layout_vaults_big_cross
Vaults:2: vaults_room_grid, ontoclasm_vaults_claustrophobia,
          nicolae_vaults_network_periphery, vaults_room_door_ring,
          nicolae_vaults_shipping_containers_3, ontoclasm_vaults_shuriken,
          vaults_room_fours, nicolae_vaults_layer_cake_slice,
          nicolae_vaults_trapezoid_lopsided_3, hangedman_vaults_impose,
          nicolae_vaults_tetromino_L_1, layout_vaults_omnigrid, serial_shops,
          nicolae_shop_tiny_glass
Vaults:3: gammafunk_the_bubble [the_bubble_gammafunk_crates],
          minmay_crypt_entry_necro_gods, nicolae_vaults_diamond_2, v_misc_8,
          nicolae_vaults_trapezoid_lopsided_4, vaults_mumra_hexcomb, v_misc_27,
          v_pattern_5, nicolae_vaults_bisected_slash,
          nicolae_vaults_trapezoid_lopsided_1, grunt_vaults_trifunnel,
          serial_ice_g, layout_vaults_maze_snakey, serial_shops,
          nicolae_book_shop_shelving, uniq_donald
Vaults:4: nicolae_vaults_trapezoid_2, nicolae_vaults_windows_and_doors_thing,
          ontoclasm_vaults_ring_square, v_misc_1, nicolae_vaults_turnstiles,
          nicolae_vaults_little_squares_2, v_misc_13,
          nicolae_vaults_surprise_closet, nicolae_vaults_stepped_doors,
          v_alt_pattern_6, nicolae_vaults_trapezoid_lopsided_3,
          dpeg_vaults_hating_casters, nicolae_vaults_apartment_1,
          layout_vaults_omnibox, serial_shops, shop, uniq_saint_roka,
          uniq_sojobo, uniq_boris, uniq_margery, uniq_xtahua
Vaults:5: serial_shops
Crypt:1:  layout_basic, uniq_frederick
Crypt:2:  layout_regular_city, grunt_megastairs_5
Crypt:3:  due_elkab, layout_chaotic_city, tomb_entry_simple_bobbens,
          corner_web_ring, minivault_27, chequers_hall_statues_wall_a
Depths:1: nicolae_cairo_tiling, layout_cave_pools, minmay_room_of_horrors,
          hell_entry, chequers_jeans, minmay_strange_pillars,
          kennysheep_small_circle
Depths:2: regret_index_qazlal_generations, layout_basic, hell_entry,
          grunt_pan_entry_in_and_out, abyss_entry_crystal
Depths:3: minmay_cut_squares, layout_gridville, minmay_strange_pillars,
          abyss_entry, grunt_metal_band, nicolae_wwwww,
          serial_sigils_hangedman_writhe
Depths:4: grunt_x_marks_the_spot, layout_small_grid, enter_ziggurat_b,
          evilmike_ruin_ashenzari, hell_entry
Hell
Zot:1:    kennysheep_blocky_hall, layout_misc_corridors,
          gammafunk_ghost_cemetery, st_small_dragon_hoard_4
Zot:2:    layout_twisted_circle, gammafunk_ghost_tricky_traps
Zot:3:    layout_twisted_circle, hangedman_zot_decor_tridents
Zot:4:    layout_basic, uniq_parghit

Skill      XL: |  1  2  3  4  5  6  7  8  9 10 11 12 13 14 15 16 17 18 19 20 21 22 23 24 25 |
---------------+----------------------------------------------------------------------------+-----
Fighting       | 3 4 5 6 7 8 10 11 12 13 14 15 16 17 19 20 21 22 | 22.3
Ranged Weapons | 5 6 7 8 10 12 13 15 16 18 19 20 21 22 23 24 25 26 | 26.0
Dodging        | 3 6 7 9 10 11 12 13 15 16 17 18 19 20 | 20.7
Evocations     | 2 3 4 5 7 8 10 13 15 | 15.9
Stealth        | 2 5 8 |  8.2
Armour         | 2 3 5 6 7 8 |  8.3
Invocations    | 2 3 4 7 8 9 11 14 | 14.0
Transmutations | 6 |  6.0
Spellcasting   | 3 4 |  4.0
Translocations | 6 10 11 | 11.0
Summonings     | 5 11 14 | 14.5

Action                     |  1- 3 |  4- 6 |  7- 9 | 10-12 | 13-15 | 16-18 | 19-21 | 22-24 | 25-27 || total
---------------------------+-------+-------+-------+-------+-------+-------+-------+-------+-------++-------
  Melee: Short sword       |     1 |       |       |       |       |       |       |       |       ||     1
   Fire: Shortbow          |    31 |       |       |       |       |       |       |       |       ||    31
         Triple crossbow   |    27 |    68 |   165 |   271 |   737 |   867 |   878 |  1814 |   350 ||  5177
   Cast: Wereblood         |       |       |       |       |    25 |    40 |    25 |    27 |     2 ||   119
         Portal Projectile |       |       |       |       |       |       |    53 |    14 |    10 ||    77
         Summon Forest     |       |       |       |       |       |       |       |       |     3 ||     3
 Invoke: Recall Ancestor   |       |       |     1 |     4 |     7 |     7 |    10 |     6 |       ||    35
         Ancestor Life: Kn |       |       |     1 |       |       |       |       |       |       ||     1
         Idealise          |       |       |       |       |     1 |     2 |     6 |     2 |       ||    11
         Brand Weapon With |       |       |       |       |       |       |       |     1 |       ||     1
Ability: Hop               |       |     1 |       |       |     1 |     4 |     2 |     4 |     3 ||    15
  Evoke: Wand              |       |       |       |     4 |       |     2 |     1 |     1 |     2 ||    10
         Box of beasts     |       |       |       |       |       |       |       |       |     1 ||     1
         Phial of floods   |       |       |       |       |       |       |       |       |     1 ||     1
         Phantom mirror    |       |       |       |       |       |       |       |       |     1 ||     1
    Use: Scroll            |     2 |     3 |     3 |     8 |    18 |    10 |    12 |    16 |    12 ||    84
         Potion            |       |     2 |       |     1 |     1 |       |     3 |     6 |     3 ||    16
 Armour: Leather armour    |     6 |    11 |    14 |    19 |    14 |       |       |       |       ||    64
         Acid dragon scale |       |       |       |       |    75 |   175 |    80 |   287 |   103 ||   720
         Quicksilver drago |       |       |       |       |       |       |       |       |     2 ||     2
         Skin              |       |       |       |       |       |       |       |       |     1 ||     1
  Dodge: Dodged            |    20 |    37 |    31 |   132 |   229 |   331 |   242 |  1503 |   462 ||  2987
